 Dungeon Crawl Stone Soup version 0.22-a0-284-g99d1f74 (webtiles) character file.

29436 Amnesiac the Eclecticist (level 13, -21/70 HPs)
             Began as a Deep Elf Wizard on Mar 21, 2018.
             Was a High Priest of Sif Muna.
             Demolished by a spiny frog (23 damage)
             ... on level 6 of the Lair of Beasts.
             The game lasted 00:35:28 (16000 turns).

Amnesiac the Eclecticist (Deep Elf Wizard)         Turns: 16000, Time: 00:35:28

Health: -21/70     AC: 10    Str:  4      XL:     13   Next: 15%
Magic:  8/39       EV: 13    Int: 27      God:    Sif Muna [*****.]
Gold:   1001       SH:  4    Dex:  7 (9)  Spells: 21/52 levels left

rFire    . . .     SeeInvis .   n - +4 dagger (venom)
rCold    . . .     Gourm    .   v - +0 buckler
rNeg     . . .     Faith    .   z - +2 robe {Archmagi}
rPois    .         Spirit   .   y - +0 helmet
rElec    .         Reflect  .   Q - +1 cloak {MR+}
rCorr    .         Harm     .   (no gloves)
MR       ++...                  W - +2 pair of boots
Stlth    ++........             X - amulet of magic regeneration
HPRegen  0.21/turn              Z - -2 ring of intelligence
MPRegen  0.51/turn              I - -4 ring of dexterity

@: studying Ice Magic, divine energy, deflect missiles
A: no striking features
a: Stop Divine Energy, Channel Magic, Forget Spell, Renounce Religion


You were on level 6 of the Lair of Beasts.
You worshipped Sif Muna.
Sif Muna was extremely pleased with you.
You were hungry.

You visited 3 branches of the dungeon, and saw 15 of its levels.
You also visited: Labyrinth, Sewer and Ossuary.

You collected 1001 gold pieces.

Inventory:

Hand Weapons
 n - a +4 dagger of venom (weapon)
 S - the +7 whip of War {pain, +Fly rC++ rN+}
   (You found it in a labyrinth)

   In the hands of one skilled in necromantic magic, it inflicts extra damage on
   living creatures.
   It greatly protects you from cold.
   It protects you from negative energy.
   It lets you fly.
 V - the +6 short sword of the Viper {freeze, rElec Str+4, unknown}
   (You found it on level 4 of the Lair of Beasts)

   It has been specially enchanted to freeze those struck by it, causing extra
   injury to most foes and up to half again as much damage against particularly
   susceptible opponents.
   It can also slow down cold-blooded creatures.
   It affects your strength (+4).
   It insulates you from electricity.
Armour
 v - a +0 buckler (worn)
 y - a +0 helmet (worn)
 z - a +2 robe of the Archmagi (worn)
 Q - a +1 cloak of magic resistance (worn)
 R - the +14 crystal plate armour of Fortification {rPois rCorr Dex-5 Stlth+, unknown}
   (You found it in a labyrinth)

   It affects your dexterity (-5).
   It protects you from poison.
   It protects you from acid and corrosion.
   It makes you more stealthy.
 W - a +2 pair of boots (worn)
Jewellery
 f - an uncursed amulet of the gourmand
 h - an uncursed ring of protection from magic
 m - an uncursed ring of magical power
 u - an uncursed amulet of the acrobat
 w - an uncursed ring of magical power
 B - an uncursed ring of ice
 I - a -4 ring of dexterity (right hand)
 M - the amulet "Jootoar" {RegenMP rElec Int-2 SInv}
   (You found it in a labyrinth)

   [amulet of magic regeneration]

   It increases your magic regeneration.
   It affects your intelligence (-2).
   It insulates you from electricity.
   It lets you see invisible.
 X - an amulet of magic regeneration (around neck)
 Z - a -2 ring of intelligence (left hand)
Wands
 a - a wand of random effects (9)
 p - a wand of acid (19)
 r - a wand of digging (22)
 s - a wand of flame (94)
 L - a wand of enslavement (38)
 O - a wand of paralysis (9)
 P - a wand of scattershot (4)
 Y - a wand of polymorph (19)
Scrolls
 c - a scroll of torment {!r}
 e - 8 scrolls of teleportation {!r}
 g - a scroll of fog {!r}
 k - 6 scrolls of magic mapping {!r}
 l - 2 scrolls of blinking {!r}
 o - 7 scrolls of amnesia {!r}
 E - 2 scrolls of holy word {!r}
Potions
 b - a potion of berserk rage {!q}
 i - 4 potions of heal wounds {!q}
 j - 4 potions of curing {!q}
 q - 7 potions of flight {!q}
 t - a potion of might {!q}
 x - a potion of mutation {!q}
 C - 2 potions of invisibility {!q}
 D - 5 potions of agility {!q}
 G - a potion of brilliance {!q}
 H - a potion of cancellation {!q}
 J - a potion of resistance {!q}
 K - a potion of magic {!q}
 U - a potion of lignification {!q}
Books
 N - a manual of Ice Magic
Miscellaneous
 T - a lamp of fire
Comestibles
 d - 24 rations


   Skills:
 - Level 4.1 Fighting
 - Level 4.1 Dodging
 - Level 2.4 Stealth
 - Level 4.0 Shields
 - Level 20.0 Spellcasting
 - Level 10.0 Conjurations
 - Level 5.0 Charms
 - Level 1.1 Summonings
 - Level 5.0 Translocations
 - Level 2.5 Air Magic
 + Level 7.7 Invocations


You had 21 spell levels left.
You knew the following spells:

 Your Spells              Type           Power        Failure   Level  Hunger
a - Fireball              Conj/Fire      ######....   5%          5    None
b - Call Imp              Summ           #####...     1%          2    None
c - Confuse               Hex            #####...     4%          3    None
d - Iskenderun's Mystic   Conj           #######.     1%          4    None
e - Mephitic Cloud        Conj/Pois/Air  ######..     1%          3    None
f - Deflect Missiles      Chrm/Air       ######....   43%         6    #......
g - Dazzling Spray        Conj/Hex       ######       1%          3    None
s - Conjure Flame         Conj/Fire      ######..     1%          3    None
v - Blink                 Tloc           N/A          1%          2    None


Dungeon Overview and Level Annotations

Branches:
Dungeon (8/15)             Temple (1/1) D:4            Lair (6/6) D:8
  Swamp (0/4) Lair:3        Snake (0/4) Lair:2        Slime (0/5) Lair:6

Altars:
Ashenzari
Cheibriados
Dithmenos
Elyvilon
Fedhas
Gozag
Hepliaklqana
Kikubaaqudgha
Makhleb
Nemelex Xobeh
Okawaru
Qazlal
Ru
Sif Muna
Trog
Uskayaw
Vehumet
Wu Jian
Xom
Yredelemnul
Zin
The Shining One
Jiyva

Shops:
D:4 }[

Annotations:
Lair:6 Josephine


Message History

You feel much better.
You regain access to your magic.
The wolf howls!
The black mamba misses you. The wolf bites you but does no damage.
Casting: Fireball (safe; 5% risk of failure)
Confirm with . or Enter, or press ? or * to list all spells.
You feel a surge of power!
You blink.
A blink frog comes into view.
The blink frog gives a loud, deep croak!
A wolf comes into view.
The wolf howls!
A wolf comes into view.
The wolf howls! 2 blink frogs come into view.
You hear a howl!
The blink frog blinks!
A spiny frog comes into view.
Your surroundings suddenly seem different.
A bullfrog comes into view.
The bullfrog gives a loud, deep croak!
A wyvern comes into view.
The wyvern hisses angrily.
You hear an angry buzzing noise.
The blink frog blinks!
You hear a croak.
You hear an angry buzzing noise.
Found a large shield.
A water moccasin, a wyvern, a vampire mosquito and 2 wraiths come into view.
Okay, then.
The wraith closely misses you. The wraith closely misses you.
The wraith closely misses you. The wyvern closely misses you.
Found a blowgun.
A blink frog comes into view.
A spiny frog comes into view.
The spiny frog gives a loud, deep croak!
You hear a croak.
You hear an angry buzzing noise.
You hear a loud, deep croak!
The wyvern bites you!
* * * LOW HITPOINT WARNING * * *
You hear a loud, deep croak!
A spiny frog comes into view.
Really read
e - 9 scrolls of teleportation {!r}?
As you read the scroll of teleportation {!r}, it crumbles to dust.
You feel strangely unstable. The wyvern bites you.
* * * LOW HITPOINT WARNING * * *
The wyvern closely misses you. The wyvern bites you!
* * * LOW HITPOINT WARNING * * *
A blink frog comes into view.
Your surroundings suddenly seem different.
A spiny frog comes into view.
The spiny frog croaks.
A bullfrog comes into view.
The bullfrog gives a loud, deep croak!
A bullfrog comes into view.
The bullfrog croaks.
Josephine the Decaying Necromancer comes into view.
She is wielding a dagger.
Josephine shouts!
A spiny frog comes into view.
The spiny frog gives a loud, deep croak!
A spiny frog comes into view.
The spiny frog croaks.
A blink frog comes into view.
The blink frog croaks.
The spiny frog stings you!!
You die...

......##...........
.......##...............
.......# ...........F..F
......## #..............
......P# ..............P
......## .........@W..
.......# ..l........
........##....≈..≈####
.........F≈≈≈F.F@.P≈.#
.≈...P.....P≈≈FF.≈≈≈.≈..
≈.≈l.≈....≈≈≈≈≈FP≈≈≈≈≈≈≈
≈≈≈.≈≈#≈D≈≈≈≈≈≈
≈≈≈P###≈≈≈P≈≈≈≈ ≈≈≈≈
##≈≈≈≈≈≈≈ ≈w≈ ##≈≈≈≈≈ ≈≈
≈≈P≈≈


You could see a five-headed hydra, Josephine, a tyrant leech (wandering), 3
spiny frogs, 3 blink frogs, a wraith, a wyvern and 2 bullfrogs.

Vanquished Creatures
  A minotaur (Lab)
  3 hydras
  A two-headed ogre (D:8)
  Nergalle (Lair:4)
  A lindwurm (Lair:4)
  Pikel (D:6)
  4 black mambas
  3 elephants (Lair:4)
  An ice statue (D:7)
  Joseph (D:8)
  11 spiny frogs
  A rime drake (Lair:3)
  A komodo dragon (Lair:2)
  The ghost of DEFE the Charlatan, a novice DEAr of Vehumet (D:6)
  3 polar bears
  20 blink frogs
  Prince Ribbit (D:8)
  4 hippogriffs
  Sigmund (D:3)
  3 spriggans
  14 yaks
  A wyvern (Lair:1)
  A basilisk (Lair:5)
  Grum (D:7)
  A vampire mosquito (Lair:6)
  11 porcupines
  Duvessa (D:7)
  2 hell hounds (D:8)
  10 water moccasins
  3 orc warriors
  3 black bears
  2 sky beasts
  2 ice beasts
  4 slaves (D:6)
  2 phantoms (D:6)
  A centaur (D:7)
  An ogre (D:7)
  12 wolves
  9 crocodiles
  3 big kobolds (Sewer)
  21 bullfrogs
  Dowan (D:7)
  12 scorpions
  2 spriggan skeletons (Lab)
  A troll skeleton (Lab)
  2 howler monkeys
  7 wights
  7 electric eels
  3 crimson imps
  6 hounds
  A human zombie (Ossuary)
  A centaur zombie (D:5)
  4 orc priests
  Crazy Yiuf (D:6)
  A gnoll shaman (D:7)
  3 orc wizards
  An iguana (D:5)
  Ijyb (D:3)
  Natasha (thrice) (D:4)
  A worker ant (D:5)
  An ogre skeleton (Lab)
  A hound zombie (D:7)
  3 mummies (Ossuary)
  A howler monkey zombie (D:7)
  Robin (D:4)
  9 gnolls (D:7)
  3 howler monkey skeletons
  2 scorpion zombies (Ossuary)
  6 adders
  A river rat (D:5)
  3 shadow imps
  2 oozes (Sewer)
  An adder skeleton (D:7)
  3 worms
  4 dart slugs
  6 leopard geckos
  18 orcs
  8 bats
  6 giant cockroaches
  3 gnoll zombies (Ossuary)
  10 goblins
  6 hobgoblins
  9 jackals
  2 quokkas (D:6)
  6 ball pythons
  4 frilled lizards
  3 goblin zombies (Ossuary)
  3 hobgoblin zombies (Ossuary)
  2 jackal skeletons (D:5)
  9 kobolds
  4 kobold zombies (Ossuary)
  A leopard gecko skeleton (D:4)
  2 orc zombies (Ossuary)
  A quokka skeleton (D:8)
  A quokka zombie (D:5)
  12 rats
  A butterfly (Lair:2)
  A fungus (Lair:4)
  2 plants (Lair:6)
387 creatures vanquished.

Vanquished Creatures (others)
  4 fungi
  14 plants
18 creatures vanquished.

Grand Total: 405 creatures vanquished

Notes
Turn   | Place    | Note
-------+----------+-------------------------------------------
     0 | D:1      | Amnesiac the Deep Elf Wizard began the quest for the Orb.
     0 | D:1      | Reached XP level 1. HP: 10/10 MP: 7/7
   178 | D:1      | Reached XP level 2. HP: 15/15 MP: 1/9
   182 | D:1      | Learned a level 2 spell: Blink
   185 | D:1      | Learned a level 2 spell: Call Imp
  1073 | D:2      | Reached XP level 3. HP: 19/19 MP: 8/11
  1078 | D:2      | Learned a level 3 spell: Conjure Flame
  1082 | D:2      | Learned a level 3 spell: Mephitic Cloud
  1292 | D:2      | Reached XP level 4. HP: 14/24 MP: 1/12
  1586 | D:3      | Noticed Ijyb
  1609 | D:3      | Killed Ijyb
  1718 | D:3      | Noticed Sigmund
  1737 | D:3      | Killed Sigmund
  1737 | D:3      | Reached XP level 5. HP: 31/32 MP: 8/13
  1737 | D:3      | Reached XP level 6. HP: 36/37 MP: 8/14
  2101 | D:4      | Found Paodeos's Armour Emporium.
  2129 | D:4      | Found a staircase to the Ecumenical Temple.
  2130 | D:4      | Noticed Natasha
  2138 | D:4      | Killed Natasha
  2146 | Temple   | Entered the Ecumenical Temple
  2186 | Temple   | Became a worshipper of Sif Muna the Loreminder
  2515 | D:4      | Found Ickud's Gadget Emporium.
  2526 | D:4      | Noticed Natasha
  2528 | D:4      | Killed Natasha
  2528 | D:4      | Reached skill level 5 in Conjurations
  2534 | D:4      | Reached skill level 5 in Spellcasting
  2538 | D:4      | Noticed Robin
  2547 | D:4      | Killed Robin
  2640 | D:4      | Found a sand-covered staircase.
  2648 | Ossuary  | Entered an ossuary
  2711 | Ossuary  | Reached skill level 6 in Spellcasting
  2711 | Ossuary  | Reached XP level 7. HP: 23/41 MP: 18/18
  2904 | Ossuary  | Reached skill level 7 in Spellcasting
  3134 | Ossuary  | Reached skill level 8 in Spellcasting
  3146 | Ossuary  | Reached * piety under Sif Muna
  3276 | Ossuary  | Reached skill level 9 in Spellcasting
  3290 | Ossuary  | Reached XP level 8. HP: 7/48 MP: 5/23
  3299 | Ossuary  | HP: 2/48 [poisoned by a scorpion]
  3304 | Ossuary  | HP: 1/48 [poisoned by a scorpion]
  3591 | D:4      | Noticed Natasha
  3593 | D:4      | Killed Natasha
  3878 | D:4      | Found Paodeos's Armour Emporium.
  3900 | D:4      | Found a staircase to the Ecumenical Temple.
  3952 | D:4      | Found Ickud's Gadget Emporium.
  4474 | D:5      | Entered Level 5 of the Dungeon
  4537 | D:5      | Reached skill level 1 in Shields
  5095 | D:5      | Found a glowing drain.
  5120 | Sewer    | Entered a sewer
  5461 | Sewer    | Reached skill level 10 in Spellcasting
  5914 | D:5      | Reached XP level 9. HP: 11/52 MP: 25/25
  6160 | D:5      | Reached ** piety under Sif Muna
  6225 | D:6      | Reached skill level 11 in Spellcasting
  6352 | D:6      | Reached skill level 12 in Spellcasting
  6555 | D:6      | Found a runed door.
  6589 | D:6      | Noticed DEFE's ghost (novice DEAr)
  6627 | D:6      | Killed DEFE's ghost
  6691 | D:6      | Noticed Pikel
  6717 | D:6      | Killed Pikel
  6717 | D:6      | Reached skill level 13 in Spellcasting
  6833 | D:6      | Noticed Crazy Yiuf
  6841 | D:6      | Killed Crazy Yiuf
  6876 | D:7      | Noticed Duvessa
  6876 | D:7      | Noticed Dowan
  6895 | D:6      | Reached *** piety under Sif Muna
  6923 | D:7      | Got a slimy ring mail
  6934 | D:7      | Identified the +4 ring mail of Licyjun {*Drain Dex+7} (You found it on level 7 of the Dungeon)
  6987 | D:7      | Reached skill level 14 in Spellcasting
  7365 | D:7      | Reached XP level 10. HP: 52/56 MP: 30/30
  7563 | D:7      | Killed Duvessa
  7564 | D:7      | Killed Dowan
  7770 | D:7      | Found a sacrificial altar of Ru.
  7953 | D:7      | Noticed an ice statue
  9364 | D:7      | Killed an ice statue
  9364 | D:7      | Reached skill level 15 in Spellcasting
  9432 | D:8      | Noticed Grum
  9522 | D:7      | Killed Grum
  9696 | D:8      | Noticed Prince Ribbit
  9705 | D:8      | Killed Prince Ribbit
  9828 | D:8      | Learned a level 3 spell: Dazzling Spray
  9889 | D:8      | Found a staircase to the Lair.
  9895 | D:8      | Learned a level 3 spell: Confuse
 10076 | D:8      | Noticed Joseph
 10085 | D:8      | Killed Joseph
 10085 | D:8      | Reached **** piety under Sif Muna
 10085 | D:8      | Reached skill level 16 in Spellcasting
 10256 | D:8      | Noticed a two-headed ogre
 10264 | D:8      | Killed a two-headed ogre
 10427 | D:8      | Reached skill level 17 in Spellcasting
 10446 | D:8      | Learned a level 4 spell: Iskenderun's Mystic Blast
 10452 | Lair:1   | Entered Level 1 of the Lair of Beasts
 10461 | Lair:1   | Noticed a spiny frog
 10467 | Lair:1   | Killed a spiny frog
 10647 | Lair:1   | Noticed a spiny frog
 10652 | Lair:1   | Killed a spiny frog
 10654 | Lair:1   | Reached XP level 11. HP: 61/61 MP: 23/34
 10656 | Lair:1   | Reached skill level 5 in Translocations
 10898 | Lair:1   | Reached ***** piety under Sif Muna
 10898 | Lair:1   | Identified Sif Muna's Grimoire of Lucky Lightness (Sif Muna gifted it to you on level 1 of the Lair of Beasts)
 10898 | Lair:1   | Received a gift from Sif Muna
 10907 | Lair:1   | Learned a level 6 spell: Deflect Missiles
 11124 | Lair:1   | Reached skill level 1 in Charms
 11129 | Lair:1   | Reached skill level 1 in Air Magic
 11286 | Lair:1   | Reached skill level 5 in Charms
 11512 | Lair:2   | Found a labyrinth entrance.
 11585 | Lab      | Identified a paperback manual
 11585 | Lab      | Entered a labyrinth
 11791 | Lab      | Noticed a minotaur
 11859 | Lab      | Killed a minotaur
 11866 | Lab      | Got a sparkling ruby amulet
 11866 | Lab      | Got a transparent crystal plate armour
 11866 | Lab      | Got a smoking whip
 11942 | Lair:2   | Identified the amulet "Jootoar" {RegenMP rElec Int-2 SInv} (You found it in a labyrinth)
 11943 | Lair:2   | Identified the +7 whip of War {pain, +Fly rC++ rN+} (You found it in a labyrinth)
 11965 | Lair:2   | Reached skill level 18 in Spellcasting
 12018 | Lair:2   | Found a staircase to the Snake Pit.
 12795 | Lair:3   | Reached skill level 19 in Spellcasting
 12843 | Lair:3   | HP: 2/61 [yak (15)]
 12950 | Lair:3   | Reached XP level 12. HP: 37/66 MP: 9/37
 12995 | Lair:3   | Found a staircase to the Swamp.
 13524 | Lair:4   | Noticed Nergalle
 13527 | Lair:4   | Killed Nergalle
 13527 | Lair:4   | Identified Sif Muna's Catalogue of Changing and Calling (Sif Muna gifted it to you on level 4 of the Lair of Beasts)
 13527 | Lair:4   | Received a gift from Sif Muna
 13540 | Lair:4   | Reached skill level 20 in Spellcasting
 13844 | Lair:4   | Got an ivory short sword
 13875 | Lair:4   | Noticed a seven-headed hydra
 13878 | Lair:4   | Killed a seven-headed hydra
 14157 | Lair:4   | Reached skill level 10 in Conjurations
 14162 | Lair:4   | Reached skill level 1 in Invocations
 14660 | Lair:5   | Noticed a five-headed hydra
 14663 | Lair:5   | Killed a five-headed hydra
 14669 | Lair:5   | Reached skill level 5 in Invocations
 15075 | Lair:5   | Learned a level 5 spell: Fireball
 15240 | Lair:5   | Reached XP level 13. HP: 70/70 MP: 28/39
 15776 | Lair:6   | Entered Level 6 of the Lair of Beasts
 15943 | Lair:6   | Found a staircase to the Slime Pits.
 15944 | Lair:6   | Found a viscous altar of Jiyva.
 15999 | Lair:6   | HP: 2/70 [wyvern (17)]
 16000 | Lair:6   | Noticed Josephine
 16000 | Lair:6   | Demolished by a spiny frog

Vault maps used:
D:1:      dpeg_arrival_solitude
D:3:      minmay_misc_feat_nine_boxes, uniq_sigmund, uniq_ijyb
D:4:      minmay_temple_entry_crystal_x, serial_shops, kennysheep_mini_moat,
          shop, chequers_ossuary_entry_cave, uniq_natasha, uniq_robin
D:5:      serial_glass, glass_columns_a, glass_columns_c, glass_columns_b,
          glass_columns_a, glass_columns_a, first_ration,
          cheibrodos_sewer_entry_sluice
D:6:      uniq_pikel, uniq_crazy_yiuf_cottage
D:7:      lemuel_ice_statue, nicolae_ru_sacrificial_ziggurat, uniq_duvessa
D:8:      minmay_lair_entry_lava, the_bakery, uniq_joseph, uniq_grum,
          uniq_prince_ribbit1
Temple:   compressed_dpeg_triangle_lava_temple
Lair:1:   grunt_megastairs_2, infiniplex_staircase_pool
Lair:2:   dummy_snake_entry, lab_entry_generic, patterned_corridor,
          lemuel_fruit_fields, infiniplex_staircase_pool_2
Lair:3:   minmay_swamp_entry_eels, beast_lair_carwin_1, grunt_megastairs_1,
          lemuel_fruit_fields
Lair:4:   uniq_nergalle
Lair:5:   serial_bayou_ford_a, forest_entry_grove
Lair:6:   minmay_lair_end_frog_pond, slime_altar_1, st_stairs_3, uniq_josephine
Lab:      nicolae_lab_quarters, nicolae_lab_big_swirl,
          labyrinth_skeletal_remains, nicolae_lab_dead_end, nicolae_lab_lava
Sewer:    sewer_co_15_rooms
Ossuary:  ossuary_minmay_scorpions

Skill      XL: |  1  2  3  4  5  6  7  8  9 10 11 12 13 |
---------------+----------------------------------------+-----
Conjurations   | 2 3 4 5 10 | 10.0
Fighting       | 3 4 |  4.1
Dodging        | 3 4 |  4.1
Spellcasting   | 6 9 10 14 17 19 20 | 20.0
Shields        | 4 |  4.0
Translocations | 4 5 |  5.0
Charms         | 5 |  5.0
Air Magic      | 2 |  2.5
Invocations    | 6 7 |  7.7
Stealth        | |  2.4
Summonings     | |  1.1

Action                   |  1- 3 |  4- 6 |  7- 9 | 10-12 | 13-15 || total
-------------------------+-------+-------+-------+-------+-------++-------
Melee: Dagger            |       |    14 |   136 |    28 |       ||   178
 Cast: Magic Dart        |    85 |    93 |   481 |   268 |       ||   927
       Mephitic Cloud    |       |     4 |    10 |     7 |       ||    21
       Conjure Flame     |       |     1 |    19 |    12 |       ||    32
       Blink             |       |     1 |     8 |     6 |     1 ||    16
       Dazzling Spray    |       |       |       |    29 |       ||    29
       Iskenderun's Myst |       |       |       |   295 |    11 ||   306
       Confuse           |       |       |       |     4 |       ||     4
       Call Imp          |       |       |       |     2 |       ||     2
       Deflect Missiles  |       |       |       |     1 |       ||     1
       Fireball          |       |       |       |     3 |    20 ||    23
Invok: Divine Energy     |       |       |     1 |       |       ||     1
Evoke: Wand              |       |       |       |     1 |       ||     1
  Use: Scroll            |       |       |    23 |     8 |     3 ||    34
       Potion            |       |       |     2 |     4 |     2 ||     8
 Stab: Confused          |       |       |     4 |     2 |       ||     6
       Sleeping          |       |       |     2 |       |       ||     2
  Eat: Chunk             |     5 |    13 |    16 |    15 |     2 ||    51
Armor: Robe              |     1 |     4 |    24 |    37 |     3 ||    69
       Ring mail         |       |       |    22 |     9 |       ||    31
Dodge: Dodged            |    11 |    21 |   161 |    89 |    16 ||   298
       Deflected         |       |       |       |     6 |       ||     6
Block: Buckler           |       |       |    40 |    34 |     5 ||    79

Table legend:
 A = Spawn XP
 B = Non-spawn XP
 C = Spawn XP percentage of total XP
 D = Spawn monster count
 E = Non-spawn monster count
 F = Spawn count percentage of total count
 G = Total turns spent on level
                    A         B        C        D         E        F      G
               +---------+---------+-------+---------+---------+-------+---------
         Total |       0 |   42052 |   0.0 |       0 |     379 |   0.0 | 16000
               +---------+---------+-------+---------+---------+-------+---------
           D:1 |       0 |      40 |   0.0 |       0 |      23 |   0.0 |  1071
           D:2 |       0 |      60 |   0.0 |       0 |      18 |   0.0 |   450
           D:3 |       0 |     326 |   0.0 |       0 |      23 |   0.0 |   511
           D:4 |       0 |     248 |   0.0 |       0 |      14 |   0.0 |  1481
           D:5 |       0 |    1052 |   0.0 |       0 |      33 |   0.0 |  1300
           D:6 |       0 |    1878 |   0.0 |       0 |      19 |   0.0 |   732
           D:7 |       0 |    2170 |   0.0 |       0 |      44 |   0.0 |  2606
           D:8 |       0 |    2450 |   0.0 |       0 |      14 |   0.0 |   938
        Lair:1 |       0 |    4886 |   0.0 |       0 |      25 |   0.0 |  1051
        Lair:2 |       0 |    2318 |   0.0 |       0 |      14 |   0.0 |   668
        Lair:3 |       0 |    4895 |   0.0 |       0 |      29 |   0.0 |  1055
        Lair:4 |       0 |   11092 |   0.0 |       0 |      38 |   0.0 |  1321
        Lair:5 |       0 |    6840 |   0.0 |       0 |      26 |   0.0 |  1101
        Lair:6 |       0 |    1221 |   0.0 |       0 |       7 |   0.0 |    68
           Lab |       0 |    1398 |   0.0 |       0 |       5 |   0.0 |   284
         Sewer |       0 |     339 |   0.0 |       0 |      16 |   0.0 |   402
       Ossuary |       0 |     839 |   0.0 |       0 |      31 |   0.0 |   904
               +---------+---------+-------+---------+---------+-------+---------
